 Dungeon Crawl Stone Soup version 0.24.0-35-gdb84b6a5db (console) character file.

Game seed: 9721727652718909754, levelgen mode: deterministic

6303 AlterAsc the Geomancer (level 10, 0/50 HPs)
             Began as a Gargoyle Earth Elementalist on Nov 17, 2019.
             Was a Believer of Vehumet.
             Killed by the air
             ... invoked by Gastronok
              (9 damage)
             ... on level 10 of the Dungeon.
             The game lasted 00:25:11 (6978 turns).

AlterAsc the Geomancer (GrEE)                       Turns: 6978, Time: 00:25:12

Health: 0/50       AC: 17    Str: 11    XL:     10   Next: 95%
Magic:  21/30      EV: 12    Int: 24    God:    Vehumet [**....]
Gold:   759        SH:  0    Dex: 14    Spells: 10/24 levels left

rFire    . . .     SeeInvis .   I - +6 hand axe of Nihyos {protect, Int+4}
rCold    . . .     Gourm    .   (no shield)
rNeg     + . .     Faith    .   c - +0 robe
rPois    ∞         Spirit   .   n - +2 helmet
rElec    +         Reflect  .   t - +1 cloak {MR+}
rCorr    .         Harm     +   x - +1 pair of gloves
MR       +....                  k - +0 pair of boots
Stlth    ++........             q - amulet of harm
HPRegen  0.16/turn              f - +4 ring of dexterity
MPRegen  0.22/turn              y - ring of magical power

@: no status effects
A: negative energy resistance 1, electricity resistance, unbreathing,
petrification resistance, rot immunity, AC +7
a: Renounce Religion


You were on level 10 of the Dungeon.
You worshipped Vehumet.
Vehumet was pleased with you.
You were not hungry.

You visited 2 branches of the dungeon, and saw 11 of its levels.

You collected 759 gold pieces.

Inventory:

Hand Weapons
 I - the +6 hand axe of Nihyos (weapon) {protect, Int+4}
   (You found it on level 4 of the Dungeon)

   It grants its wielder temporary protection when it strikes (+7 to AC).
   It affects your intelligence (+4).
Missiles
 b - 181 stones
 L - 5 silver boomerangs
 R - 2 throwing nets (quivered)
Armour
 c - a +0 robe (worn)
 k - a +0 pair of boots (worn)
 n - a +2 helmet (worn)
 t - a +1 cloak of magic resistance (worn)
 x - a +1 pair of gloves (worn)
 A - a +2 buckler of reflection
 U - a scarf of cloud immunity
Jewellery
 f - a +4 ring of dexterity (left hand)
 m - an uncursed ring of fire
 q - an amulet of harm (around neck)
 y - a ring of magical power (right hand)
 C - an uncursed ring of flight
 V - a +2 ring of dexterity
Wands
 e - a wand of random effects (12)
 s - a wand of polymorph (7)
 E - a wand of acid (3)
 S - a wand of digging (4)
 Y - a wand of iceblast (9)
Scrolls
 a - 6 scrolls of remove curse
 h - 3 scrolls of teleportation
 o - 3 scrolls of magic mapping
 r - 2 scrolls of enchant weapon
 u - 4 scrolls of amnesia
 z - 3 scrolls of identify
 F - a scroll of noise {unknown}
 G - a scroll of enchant armour {unknown}
 M - a scroll of fog {unknown}
 P - 2 scrolls of fear {unknown}
 Q - a scroll of blinking {unknown}
 W - a scroll of vulnerability {unknown}
Potions
 g - a potion of mutation
 i - 9 potions of curing
 l - a potion of flight
 p - 2 potions of degeneration
 v - 2 potions of lignification
 w - 4 potions of might
 D - a potion of heal wounds {unknown}
 H - a potion of agility {unknown}
 K - a potion of berserk rage {unknown}
 N - a potion of brilliance {unknown}
 T - a potion of invisibility {unknown}
 Z - a potion of magic {unknown}
Miscellaneous
 B - a phial of floods
 J - a box of beasts
Comestibles
 d - 28 rations
 j - 4 chunks of flesh


   Skills:
 - Level 1.7 Dodging
 - Level 2.5 Stealth
 + Level 7.7 Spellcasting
 + Level 6.7 Conjurations
 + Level 5.2 Transmutations
 * Level 12.9 Earth Magic


You had 10 spell levels left.
You knew the following spells:

 Your Spells              Type           Power        Failure   Level  Hunger
a - Sandblast             Erth           ######       1%          1    None
b - Stone Arrow           Conj/Erth      ######       1%          3    None
c - Petrify               Tmut/Erth      ######..     1%          4    ###....
d - Lee's Rapid Deconstr  Erth           ######....   1%          5    #####..
e - Magic Dart            Conj           ####         1%          1    None

Your spell library contained the following spells:

 Spells                   Type           Power        Failure   Level  Hunger
 Passwall                 Tmut/Erth      ######..     1%          2    None
 Infusion                 Chrm           #...         7%          1    None
 Shroud of Golubria       Chrm/Tloc      #.....       10%         2    None
 Song of Slaying          Chrm           #.......     10%         2    None
 Regeneration             Chrm/Necr      #.........   21%         3    None
 Spectral Weapon          Hex/Chrm       #.......     21%         3    None


Dungeon Overview and Level Annotations

Branches:
Dungeon (10/15)            Temple (1/1) D:5            Lair (0/6) D:8
    Orc (0/2) D:10

Altars:
Ashenzari
Cheibriados
Dithmenos
Elyvilon
Fedhas
Gozag
Hepliaklqana
Kikubaaqudgha
Makhleb
Nemelex Xobeh
Okawaru
Qazlal
Ru
Sif Muna
Trog
Uskayaw
Vehumet
Wu Jian
Xom
Yredelemnul
Zin
The Shining One

Shops:
D:10 ?

Annotations:
D:4 2 runed translucent doors
D:10 Gastronok


Innate Abilities, Weirdness & Mutations

You are resistant to torment.
Your stone body is resilient. (AC +7)
You are immune to poison.
You resist negative energy. (rN+)
You are resistant to electric shocks. (rElec)
You can survive without breathing.
You are immune to petrification.
You are immune to rotting.


Message History

Ouch! That really hurt!
* * * LOW HITPOINT WARNING * * *
Some of the chunks of flesh in your inventory have rotted away.
Casting: Sandblast (safe; 1% risk of failure)
Confirm with . or Enter, or press ? or * to list all spells.
Aiming: Stone Arrow (safe; 1% risk of failure)
Press: ? - help, Shift-Dir - straight line, f/p - Gastronok
Aim: Gastronok, wearing a +0 hat (severely wounded)
The stone arrow hits Gastronok!!
Gastronok is almost dead.
Casting: Stone Arrow (safe; 1% risk of failure)
Confirm with . or Enter, or press ? or * to list all spells.
Aiming: Stone Arrow (safe; 1% risk of failure)
Press: ? - help, Shift-Dir - straight line, f/p - Gastronok
Aim: Gastronok, wearing a +0 hat (almost dead)
The stone arrow hits Gastronok!!
Gastronok is almost dead.
Gastronok waves his eye-stalks in wide circles.
The air twists around and strikes you!
You die...

......>..†....#
####.........#
..#.........#
#.#.........#
#.#...#######
#8#...#
#.##.#...#
#.8.∩.8..#
#.##.#.@.########
.##8#...........
#......w.÷......#
#.#.###..######.#
..............#
#.#.###....##.#
.... #....##.#
#.....!.#
#....#..#


You could see Gastronok.

Vanquished Creatures
  A two-headed ogre (D:4)
  The ghost of VanClaymore the Insei, a novice OpTm of Qazlal (D:5)
  Grinder (D:6)
  A hippogriff (D:9)
  Sigmund (D:2)
  6 yaks
  A steam dragon (D:10)
  An ice beast (D:9)
  A sky beast (D:5)
  4 phantoms
  A black bear (D:8)
  4 orc warriors
  5 ogres
  3 centaurs
  Blork the orc (D:6)
  5 bullfrogs
  8 scorpions
  3 killer bees (D:8)
  2 howler monkeys (D:4)
  5 jellies
  A quasit (D:7)
  Crazy Yiuf (D:6)
  5 hounds
  An orc priest (D:9)
  An iguana (D:6)
  6 orc wizards
  9 worker ants
  3 hound skeletons
  Robin (D:3)
  5 gnolls
  18 adders
  2 howler monkey skeletons (D:4)
  2 shadow imps
  An ooze (D:3)
  2 adder skeletons
  2 dart slugs
  8 leopard geckos
  39 orcs
  2 ball pythons
  4 giant cockroaches
  14 goblins
  6 hobgoblins
  13 jackals
  12 kobolds
  5 quokkas
  6 bats
  7 frilled lizards
  A jackal skeleton (D:4)
  A leopard gecko zombie (D:7)
  A quokka skeleton (D:8)
  11 rats
245 creatures vanquished.

Notes
Turn   | Place    | Note
-------+----------+-------------------------------------------
     0 | D:1      | AlterAsc the Gargoyle Earth Elementalist began the quest
                  | for the Orb.
     0 | D:1      | Reached XP level 1. HP: 10/10 MP: 3/3
    38 | D:1      | Reached XP level 2. HP: 15/15 MP: 0/5
    93 | D:1      | Reached skill level 4 in Earth Magic
   327 | D:1      | Reached XP level 3. HP: 17/19 MP: 6/6
   332 | D:1      | Learned a level 3 spell: Stone Arrow
   516 | D:2      | Noticed Sigmund
   546 | D:2      | Found a stormy altar of Qazlal.
   906 | D:2      | Reached XP level 4. HP: 24/24 MP: 6/8
   914 | D:2      | Reached skill level 5 in Earth Magic
   996 | D:2      | Found an opulent altar of Gozag.
  1076 | D:2      | Found a basalt altar of Yredelemnul.
  1489 | D:2      | Killed Sigmund
  1489 | D:2      | Reached skill level 6 in Earth Magic
  1489 | D:2      | Reached XP level 5. HP: 19/28 MP: 2/10
  1489 | D:2      | Reached XP level 6. HP: 22/32 MP: 2/11
  1689 | D:3      | Reached skill level 7 in Earth Magic
  1726 | D:3      | Noticed Robin
  1734 | D:3      | Killed Robin
  2077 | D:3      | Reached XP level 7. HP: 36/36 MP: 7/13
  2380 | D:4      | Reached skill level 8 in Earth Magic
  2528 | D:4      | Found a large runed translucent door.
  2528 | D:4      | Found a large runed translucent door.
  2543 | D:4      | Found a large runed translucent door.
  2543 | D:4      | Found a large runed translucent door.
  2564 | D:4      | Reached skill level 9 in Earth Magic
  2648 | D:4      | Reached XP level 8. HP: 41/41 MP: 12/15
  2671 | D:4      | Reached skill level 5 in Spellcasting
  2673 | D:4      | Noticed a two-headed ogre
  2677 | D:4      | Killed a two-headed ogre
  2677 | D:4      | Reached skill level 10 in Earth Magic
  2786 | D:4      | Reached skill level 11 in Earth Magic
  3062 | D:4      | Reached XP level 9. HP: 42/45 MP: 18/18
  3107 | D:4      | Learned a level 4 spell: Petrify
  3113 | D:4      | Learned a level 5 spell: Lee's Rapid Deconstruction
  3168 | D:4      | Got a slimy hand axe
  3169 | D:4      | Identified the +6 hand axe of Nihyos {protect, Int+4} (You
                  | found it on level 4 of the Dungeon)
  3209 | D:5      | Entered Level 5 of the Dungeon
  3233 | D:5      | Reached skill level 1 in Transmutations
  3235 | D:5      | Reached skill level 1 in Conjurations
  3416 | D:5      | Found a runed translucent door.
  3423 | D:5      | Noticed VanClaymore's ghost (novice OpTm)
  3429 | D:5      | Killed VanClaymore's ghost
  3594 | D:5      | Found a staircase to the Ecumenical Temple.
  3616 | Temple   | Entered the Ecumenical Temple
  3634 | Temple   | Became a worshipper of Vehumet
  4038 | D:6      | Noticed Grinder
  4040 | D:6      | Paralysed by Grinder for 4 turns
  4047 | D:6      | Killed Grinder
  4236 | D:6      | Noticed Blork the orc
  4238 | D:6      | Killed Blork the orc
  4699 | D:6      | Found a runed translucent door.
  4700 | D:6      | Noticed Crazy Yiuf
  4704 | D:6      | Killed Crazy Yiuf
  5065 | D:7      | Reached XP level 10. HP: 50/50 MP: 19/20
  5079 | D:7      | Reached skill level 12 in Earth Magic
  5227 | D:7      | Reached * piety under Vehumet
  5227 | D:7      | Offered knowledge of Freeze by Vehumet.
  5227 | D:7      | Reached skill level 5 in Conjurations
  5231 | D:7      | Found a sparkling altar of Nemelex Xobeh.
  5431 | D:8      | Found a hide-covered altar of Uskayaw.
  5513 | D:8      | Found a staircase to the Lair.
  5617 | D:8      | Got an ichor-stained falchion
  5619 | D:8      | Identified the cursed +1 falchion "Innulism" {vamp, Int+4
                  | Dex+2} (You found it on level 8 of the Dungeon)
  6235 | D:9      | Reached ** piety under Vehumet
  6235 | D:9      | Offered knowledge of Magic Dart by Vehumet.
  6245 | D:9      | Learned a level 1 spell: Magic Dart
  6319 | D:9      | Found a shadowy altar of Dithmenos.
  6335 | D:9      | Reached skill level 5 in Transmutations
  6582 | D:9      | Found an iron altar of Okawaru.
  6667 | D:10     | Entered Level 10 of the Dungeon
  6706 | D:10     | Found a staircase to the Orcish Mines.
  6922 | D:10     | Found Nicorr's Magic Scroll Shop.
  6970 | D:10     | Noticed Gastronok
  6978 | D:10     | Killed from afar by Gastronok

Levels and vault maps discovered:
D:1:      minmay_arrival_stone_box, layout_rooms, minmay_heptomino_d4
D:2:      layout_basic, yredelemnul_altar_generic, grunt_gozag_statues,
          nicolae_qazlal_general_emergency, chequers_serial_rivers_micro_c,
          uniq_sigmund
D:3:      minmay_chambers_of_threes, layout_rooms, uniq_robin
D:4:      layout_basic, first_ration, minmay_hollow_rounded_squares
D:5:      layout_basic, minmay_temple_entry_mist, ebering_ghost_reflecting_pool
D:6:      layout_layer_cave, uniq_crazy_yiuf_cottage, uniq_grinder,
          uniq_blork_the_orc
D:7:      layout_gridville, lemuel_round_altar, grunt_ogre_cave
D:8:      layout_basic, eat_drink_and_be_merry_uskayaw, lair_entry_dummy,
          nicolae_underground_beach
D:9:      layout_roguey, overflow_temple_1_default,
          nicolae_dithmenos_shadow_blocks, kennysheep_generic_room_7
D:10:     layout_basic, david_orc_2, serial_shops, nicolae_shop_statue_plus,
          enter_trove_1, uniq_gastronok
Temple:   regret_index_temple_waves

Skill      XL: |  1  2  3  4  5  6  7  8  9 10 |
---------------+-------------------------------+-----
Earth Magic    | 4 6 7 9 11 12 | 12.9
Spellcasting   | 3 4 6 7 |  7.7
Transmutations | 3 5 |  5.2
Conjurations   | 4 6 |  6.7
Dodging        | |  1.7
Stealth        | |  2.5

Action                   |  1- 3 |  4- 6 |  7- 9 | 10-12 || total
-------------------------+-------+-------+-------+-------++-------
Melee: Dagger            |    52 |   141 |    67 |       ||   260
       Hand axe          |       |       |    29 |    37 ||    66
 Cast: Sandblast         |     4 |    31 |    69 |    22 ||   126
       Stone Arrow       |     2 |     4 |    24 |    45 ||    75
       Lee's Rapid Decon |       |       |     9 |    19 ||    28
       Petrify           |       |       |     2 |     3 ||     5
       Magic Dart        |       |       |       |     1 ||     1
  Use: Scroll            |       |       |    12 |     1 ||    13
 Stab: Sleeping          |     3 |     3 |     2 |     2 ||    10
       Distracted        |     1 |       |       |       ||     1
  Eat: Chunk             |       |     1 |    12 |    10 ||    23
       Ration            |       |     1 |       |       ||     1
Armor: Robe              |    16 |    75 |    54 |    36 ||   181
Dodge: Dodged            |    31 |   108 |    88 |    39 ||   266
